 Dungeon Crawl Stone Soup version 0.31.0-32-g396128a36d (webtiles) character file.

Game seed: 15732353040520225431

1565 obamaself2 the Cudgeller (level 8, 0/67 HPs)
             Began as a Troll Chaos Knight on Apr 12, 2024.
             Was a Follower of the Shining One.
             Slain by a gnoll
             ... wielding a +0 flail
             ... led by a gnoll sergeant
              (7 damage)
             ... on level 6 of the Dungeon.
             The game lasted 00:33:11 (4708 turns).

obamaself2 the Cudgeller (Troll Chaos Knight)       Turns: 4708, Time: 00:33:11

Health: 0/67       AC:  7    Str: 33    XL:     8   Next: 59%
Magic:  7/7        EV: 15    Int:  7    God:    the Shining One [*.....]
Gold:   901        SH:  0    Dex:  8    Spells: 7/7 levels left

rFire   . . .        g - +2 mace (heavy)
rCold   + . .        (no shield)
rNeg    . . .        a - +2 robe
rPois   .            (helmet restricted)
rElec   .            C - +0 cloak
rCorr   .            (gloves unavailable)
SInv    .            (boots unavailable)
Will    .....        (no amulet)
Stlth   +            A - +6 ring of strength
HPRegen 1.11/turn    j - +5 ring of evasion
MPRegen 0.10/turn

%: no passive effects
@: about to teleport, slowed, glowing, very slow
A: large, unfitting armour, claws 3, regeneration 1, shaggy fur 1, tough skin 1,
cold resistance 1, frail 1, strong 1, MP-powered wands
a: Renounce Religion, Divine Shield


You were on level 6 of the Dungeon.
You worshipped the Shining One.
The Shining One was aware of your devotion.
You visited 2 branches of the dungeon, and saw 7 of its levels.

You collected 901 gold pieces.

Inventory:

Hand Weapons
 e - a +2 flail of draining
 g - a +2 heavy mace (weapon)
 r - a +1 falchion of freezing
 t - a +2 flail of distortion
 u - a +0 war axe
 w - a +1 whip of electrocution
 E - a +0 quarterstaff
Missiles
 l - 12 poisoned darts
 z - 8 boomerangs
Armour
 a - a +2 robe (worn)
 p - a +3 ring mail of poison resistance
 y - a +0 chain mail
 C - a +0 cloak (worn)
Magical Staves
 c - a staff of death
Jewellery
 f - a ring of poison resistance
 j - a +5 ring of evasion (right claw)
 o - a +6 ring of dexterity
 x - a ring of willpower
 A - a +6 ring of strength (left claw)
 B - a ring of protection from cold
Wands
 D - a wand of flame (15) (quivered)
Scrolls
 b - a scroll of butterflies
 i - a scroll of fog
 k - 2 scrolls of teleportation
 q - 2 scrolls of identify
 v - a scroll of fear
Potions
 d - 4 potions of attraction
 h - a potion of magic
 m - a potion of curing
 n - 2 potions of lignification
 s - 2 potions of degeneration


   Skills:
 + Level 3.5 Fighting
 * Level 2.4(4.4) Axes
 * Level 6.2(6.8) Maces & Flails
 * Level 2.7(4.5) Staves
 + Level 1.1 Throwing
 * Level 4.7 Dodging
 + Level 0.2 Stealth
 + Level 3.5 Unarmed Combat


You had 7 spell levels left.
You didn't know any spells.
Your spell library contained the following spells:

 Spells                   Type           Power      Damage    Failure   Level
 Vhi's Electric Charge    Tloc/Air       0%         N/A       99%         4
 Arcjolt                  Conj/Air       0%         1d10      100%        5
 Maxwell's Capacitive Co  Air            0%         ∞         100%        8


Dungeon Overview and Level Annotations

Branches:
Dungeon (6/15)             Temple (1/1) D:5

Altars:
Ashenzari
Cheibriados
Dithmenos
Elyvilon
Fedhas
Hepliaklqana
Kikubaaqudgha
Nemelex Xobeh
Qazlal
Ru
Uskayaw
Vehumet
Wu Jian
Yredelemnul
Zin
The Shining One


Innate Abilities, Weirdness & Mutations

You are too large for most types of armour.
You have claws for hands.
Your natural rate of healing is unusually fast.
You are covered in fur. (AC +1)
You have tough skin. (AC +1)
Your flesh is cold resistant. (rC+)
You are frail. (-10% HP)
Your muscles are strong. (Str +4, Int/Dex -1)
You expend magic power (3 MP) to strengthen your wands.


Message History

The orc barely misses you.
The gnoll sergeant moves out of view.
Hit: g) +2 mace (heavy)
Press: ? - help, Dir - move target, f - hornet
Aim: a hornet (haloed, about 34% to evade your +2 heavy mace)
You barely miss the hornet.
You feel yourself speed up.
You feel very sick. The hornet barely misses you. The hornet stings you!
You feel yourself slow down. The jelly closely misses you.
The orc hits you but does no damage. The orc misses you. The hornet stings you!
You are more poisoned.
You suddenly lose the ability to move!
The jelly hits you but does no damage. The orc hits you with a +0 hand axe.
The orc hits you with a +0 mace. The hornet stings you!
* * * LOW HITPOINT WARNING * * *
You feel as though you will be slow longer.
You can move again.
You feel better. The hornet stings you.
You feel as though you will be slow longer.
The jelly hits you but does no damage. The orc closely misses you.
The orc hits you with a +0 mace.
* * * LOW HITPOINT WARNING * * *
The hornet barely misses you. The jelly barely misses you.
The orc closely misses you.
As you read the scroll of teleportation, it crumbles to dust.
You feel strangely unstable. The hornet closely misses you.
The orc completely misses you. The hornet completely misses you.
The jelly hits you but does no damage. The orc barely misses you.
The gnoll misses you. The orc completely misses you.
You barely miss the hornet. The hornet misses you.
The hornet closely misses you. The jelly hits you but does no damage.
The gnoll misses you.
The gnoll sergeant hits you from afar with a +2 spear of distortion.
* * * LOW HITPOINT WARNING * * *
Space warps horribly around you!
* * * LOW HITPOINT WARNING * * *
The orc hits you but does no damage. x2
The hornet stings you but does no damage.
The jelly closely misses you. The gnoll hits you with a +0 flail!
You die...

...#...#.....#..# ......
.......#..##.#..##....J.
#....####.##............
†...###.#...........?...
.#...#............# ...
.##........##..).## ....
..##..............#.....
......##.......oJog.....
.....##..#.....$@y....##
.....#...#.##....g#...#
.........#......####....
.............#.<.# #...
#..........[.##.........
#...#...##...##...... ..
##########....##.#....
##...# ###.## ##### .#


You could see a hornet, a gnoll sergeant, a jelly, a gnoll and 2 orcs.

Vanquished Creatures
  Grinder (D:4)
  Prince Ribbit (D:5)
  Edmund (D:4)
  Duvessa (D:5)
  A black bear (D:6)
  A phantom (D:5)
  A bullfrog (D:6)
  A scorpion (D:6)
  Dowan (D:5)
  2 howler monkeys
  2 bombardier beetles
  2 jellies (D:5)
  3 hounds
  A gnoll bouda (D:5)
  3 iguanas
  6 gnolls (D:5)
  4 adders
  A shadow imp (D:6)
  3 ufetubi
  3 dart slugs
  2 ribbon worms (D:2)
  6 orcs
  4 bats
  4 endoplasms
  3 giant cockroaches (D:1)
  3 goblins
  7 hobgoblins
  6 jackals
  5 kobolds
  3 quokkas
  6 ball pythons
  A frilled lizard (D:1)
  6 rats
95 creatures vanquished.

Notes
Turn   | Place    | Note
-------+----------+-------------------------------------------
     0 | D:1      | obamaself2 the Troll Chaos Knight began the quest for the
                  | Orb.
     0 | D:1      | Reached XP level 1. HP: 22/22 MP: 0/0
    28 | D:1      | XOM: silly message
    40 | D:1      | Reached XP level 2. HP: 29/29 MP: 1/1
   295 | D:1      | XOM: silly message
   834 | D:2      | Reached XP level 3. HP: 29/36 MP: 2/2
   916 | D:2      | Reached skill level 1 in Maces & Flails
  1113 | D:2      | XOM: give mutations
  1113 | D:2      | Gained mutation: Potions are less effective at restoring
                  | your health. [Xom's mischief]
  1113 | D:2      | Gained mutation: You are frail. (-10% HP) [Xom's mischief]
  1113 | D:2      | Gained mutation: Your magical capacity is low. (-10% MP)
                  | [Xom's mischief]
  1113 | D:2      | Gained mutation: Your muscles are strong. (Str +4, Int/Dex
                  | -1) [Xom's mischief]
  1203 | D:2      | XOM: noise
  2071 | D:3      | Identified a scroll of acquirement
  2071 | D:3      | Acquired 527 gold pieces
  2075 | D:3      | Found a glowing golden altar of the Shining One.
  2088 | D:3      | Fell from the grace of Xom
  2088 | D:3      | Became a worshipper of the Shining One
  2102 | D:3      | :
  2138 | D:3      | Reached XP level 4. HP: 39/39 MP: 2/2
  2200 | D:3      | XOM: stat loss: -1 Dex (7/8)
  2547 | D:4      | Found a shadowy altar of Dithmenos.
  2655 | D:4      | Noticed Edmund
  2664 | D:4      | Killed Edmund
  2665 | D:4      | Reached skill level 1 in Axes
  2665 | D:4      | Reached skill level 2 in Maces & Flails
  2665 | D:4      | Reached XP level 5. HP: 8/46 MP: 3/3
  2754 | D:4      | Found a sparkling altar of Nemelex Xobeh.
  2800 | D:4      | Noticed Grinder
  2818 | D:4      | Paralysed by Grinder for 4 turns
  2870 | D:4      | Killed Grinder
  2871 | D:4      | Reached skill level 3 in Maces & Flails
  2871 | D:4      | Reached skill level 1 in Staves
  2871 | D:4      | Reached XP level 6. HP: 54/54 MP: 4/4
  3029 | D:4      | XOM: 1-stop teleportation journey
  3067 | D:4      | XOM: give mutation
  3067 | D:4      | Lost mutation: Potions are less effective at restoring your
                  | health. [Xom's mischief]
  3188 | D:4      | Found an ornate altar of the Wu Jian Council.
  3191 | D:4      | Found a broken altar of Ashenzari.
  3202 | D:4      | Found a radiant altar of Vehumet.
  3351 | D:4      | Found an ancient bone altar of Kikubaaqudgha.
  3352 | D:4      | XOM: summons 4 hostile shadow creatures
  3631 | D:5      | Entered Level 5 of the Dungeon
  3631 | D:5      | Noticed Duvessa
  3632 | D:5      | Noticed Dowan
  3652 | D:5      | Killed Duvessa
  3653 | D:5      | Reached skill level 4 in Maces & Flails
  3653 | D:5      | Reached XP level 7. HP: 48/60 MP: 5/5
  3678 | D:5      | Killed Dowan
  3750 | D:5      | Found a white marble altar of Elyvilon.
  3956 | D:5      | Noticed Prince Ribbit
  3977 | D:5      | Killed Prince Ribbit
  3978 | D:5      | Reached skill level 5 in Maces & Flails
  3978 | D:5      | Reached XP level 8. HP: 26/67 MP: 6/6
  4012 | D:5      | Reached * piety under the Shining One
  4073 | D:5      | Found a staircase to the Ecumenical Temple.
  4088 | Temple   | Entered the Ecumenical Temple
  4099 | Temple   | XOM: give mutations
  4099 | Temple   | Gained mutation: You are partially covered in iridescent
                  | scales. (AC +2) [Xom's grace]
  4099 | Temple   | Lost mutation: Your magical capacity is low. (-10% MP)
                  | [Xom's grace]
  4099 | Temple   | Gained mutation: Your flesh is cold resistant. (rC+) [Xom's
                  | grace]
  4099 | Temple   | Gained mutation: You expend magic power (3 MP) to
                  | strengthen your wands. [Xom's grace]
  4149 | D:5      | XOM: give mutation
  4149 | D:5      | Lost mutation: You are partially covered in iridescent
                  | scales. (AC +2) [Xom's mischief]
  4217 | D:5      | Found a blossoming altar of Fedhas.
  4340 | D:5      | Found a snail-covered altar of Cheibriados.
  4489 | D:6      | XOM: noise
  4550 | D:6      | Reached skill level 6 in Maces & Flails
  4550 | D:6      | Reached skill level 1 in Throwing
  4692 | D:6      | Noticed a hornet
  4705 | D:6      | Paralysed by a hornet for 1 turns
  4708 | D:6      | Slain by a gnoll

Illustrated notes

,,,,,**************,****
****** *,,,,,,,,,,,.# *
**,*.####***#.# *
**,,,,....,,,..# *
*,,,*###.###*..# *
######.#.##.....##..# *
######.#.#....(..#..#
######.#.#.......#.#*
######.#.....@.....#
######...#.......#.#
######.#.#.......#.#
######>#.##.....##.#
####.....####.####.#
####.##............#
####.##.........####
####.############
####.###########


Turn 2102 on D:3: :

Levels and vault maps discovered:
D:1:      dpeg_arrival_shelter, layout_rooms, nicolae_figureground_sparkle
D:2:      layout_loops_ring, feat_on_display
D:3:      layout_loops_ring, old_standard_altar, kennysheep_donut,
          minmay_quadrilaterals
D:4:      layout_basic, nicolae_dithmenos_the_darkroom, lemuel_doored_altar,
          nicolae_overflow_macrodata_refinement, minmay_tree_intersection,
          hangedman_abyss_or_decor_stabs, minmay_pentangle, uniq_grinder,
          uniq_edmund
D:5:      layout_rooms, fedhas_altar_4, mainiacjoe_overflow_chevrons,
          old_standard_altar, minmay_temple_entry_waves, uniq_prince_ribbit1,
          uniq_duvessa
D:6:      layout_cave_pools, kennysheep_mini, minmay_alternating_orb
Temple:   nicolae_temple_stand_before_the_council

Skill      XL: |  1  2  3  4  5  6  7  8 |
---------------+-------------------------+-----
Dodging        | 2 3 4 |  4.7
Maces & Flails | 1 2 3 4 5 6 |  6.2
Axes           | 1 2 |  2.4
Fighting       | 3 |  3.5
Staves         | 1 2 |  2.7
Throwing       | 1 |  1.1
Stealth        | |  0.2
Unarmed Combat | |  3.5

Action                     |  1- 3 |  4- 6 |  7- 9 || total
---------------------------+-------+-------+-------++-------
  Melee: Unarmed           |    15 |       |       ||    15
         Mace              |   142 |    67 |    93 ||   302
         Punch             |       |     1 |     3 ||     4
  Throw: Dart              |       |     5 |    15 ||    20
         Boomerang         |       |     2 |       ||     2
    Use: Scroll            |    10 |     3 |     1 ||    14
         Potion            |     1 |     3 |     3 ||     7
 Armour: Robe              |   155 |    52 |   136 ||   343
  Dodge: Dodged            |   142 |    74 |   231 ||   447
